 Dungeon Sprint DCSS version 0.30-a0-1043-g60ff8d5f49 (webtiles) character file.

Game seed: 2917639243084146959

1200000 Danienth the Pyromancer (level 12, -10/81 HPs)
             Began as a Purple Draconian Fire Elementalist on Apr 10, 2023.
             Was a Follower of Makhleb.
             Mangled by a meat berserker
             ... wielding a +9 battleaxe
              (91 damage)
             ... in the Dungeon (Sprint VIII: "Arena of Blood").
             The game lasted 00:00:59 (12 turns).

Danienth the Pyromancer (DrFE)                        Turns: 12, Time: 00:01:00

Health: -10/81     AC:  8    Str: 12    XL:     12   Next: 45%
Magic:  3/31       EV: 18    Int: 15    God:    Makhleb [*.....]
Gold:   0          SH:  0    Dex: 16    Spells: 41/42 levels left

rFire   . . .      SeeInvis .    g - +∞ Axe of Woe
rCold   . . .      Faith    .    (shield currently unavailable)
rNeg    . . .      Spirit   .    (body armour unavailable)
rPois   .          Reflect  .    (helmet restricted)
rElec   .          Rampage  .    (no cloak)
rCorr   .          NoTele   +    (no gloves)
Will    +....                    (no boots)
Stlth   +++++                    (no amulet)
HPRegen 0.33/turn                (no ring)
MPRegen 0.22/turn                (no ring)

@: no status effects
A: breathe power, AC +8, unfitting armour, cold-blooded
a: Breathe Dispelling Energy, Renounce Religion


You were in the Dungeon.
You worshipped Makhleb.
Makhleb was aware of your devotion.
You visited 1 branch

Inventory:

Hand Weapons
 g - the +∞ Axe of Woe (weapon)
   (You found it in the Dungeon)
Scrolls
 f - a scroll of blinking
Potions
 a - 3 potions of magic
 b - a potion of curing
 c - a potion of heal wounds
 d - a potion of haste
 e - a potion of berserk rage


   Skills:
 + Level 8.2 Axes
 + Level 11.3 Dodging
 + Level 10.3 Stealth
 + Level 15.9 Spellcasting
 + Level 4.8 Conjurations
 + Level 22.9 Fire Magic


You had 41 spell levels left.
You knew the following spells:

 Your Spells              Type           Power      Damage    Failure   Level
a - Foxfire               Conj/Fire      100%       2x1d9     1%          1

Your spell library contained the following spells:

 Spells                   Type           Power      Damage    Failure   Level
 Scorch                   Fire           100%       2d9       0%          2
 Inner Flame              Hex/Fire       46%        N/A       1%          3
 Volatile Blastmotes      Fire/Tloc      92%        2d17      1%          3
 Flame Wave               Conj/Fire      52%        2d13      1%          4


Dungeon Overview and Level Annotations

Branches:
Dungeon (1/1)

Altars:
Makhleb


Innate Abilities, Weirdness & Mutations

You can breathe bolts of dispelling energy.
Your rich purple scales are hard. (AC +8)
You cannot fit into any form of body armour.
You are cold-blooded and may be slowed by cold attacks.


Message History

Increase (S)trength, (I)ntelligence, or (D)exterity?
You feel agile. x2; Your scales feel tougher.
You have reached level 4!
You feel stronger.
You have reached level 5!
You have reached level 6!
Your scales feel tougher.
You have reached level 7!
Your scales start taking on a rich purple colour.
You learn Spellcasting much quicker.
Your Spellcasting skill gained 2 levels and is now at level 15!
You learn Hexes much quicker.
You learn Evocations quicker.
You can breathe bolts of dispelling energy.
You have reached level 8!
You feel stronger.
You have reached level 9!
Your experience leads to an increase in your attributes!
Increase (S)trength, (I)ntelligence, or (D)exterity?
You feel agile. x2; Your scales feel tougher.
You have reached level 10!
You have reached level 11!
You have reached level 12!
You feel agile.
Your scales feel tougher.
The bag of meat shouts!
You slash the meat berserker!
You pulverise the meat berserker into a thin bloody mist.
You kill the meat berserker!
Makhleb accepts your kill.
You hit the bag of meat but do no damage.
You dissect the bag of meat like a pig carcass.
You kill the bag of meat!
Makhleb accepts your kill.
You hear a shout! x4
The meat berserker rages.
You hear a shout!
A bag of meat comes into view. It is wielding a +9 war axe.
You hear a shout! x6
The meat berserker hits you with a +9 battleaxe!!!!
Ouch! That really hurt!
You die...

.............o.
..........#.#o.
............O..
#..........oo..
.#.............
...............
...oo.o)O......
#)@o....# ..
#.......#
...###....O..###.
........###......
#........_......
......#.....#..
......#_.<._# .
......#.....#
#........_......


You could see 3 meat berserkers and 8 bags of meat.

Vanquished Creatures
  2 ogres (D)
  2 orcs (D)
4 creatures vanquished.

Notes
Turn   | Place    | Note
-------+----------+-------------------------------------------
     0 | D        | Found the +∞ Axe of Woe
     0 | D        | Danienth the Draconian Fire Elementalist began the quest
                  | for the Orb.
     0 | D        | Reached XP level 1. HP: 14/14 MP: 3/3
     3 | D        | Became a worshipper of Makhleb the Destroyer
     6 | D        | Noticed a bag of meat
     6 | D        | Noticed a bag of meat
     8 | D        | Noticed a bag of meat
     9 | D        | Noticed a bag of meat
     9 | D        | Noticed a meat berserker
     9 | D        | Noticed a meat berserker
    10 | D        | Noticed a bag of meat
    10 | D        | Noticed a bag of meat
    10 | D        | Noticed a bag of meat
    10 | D        | Noticed a meat berserker
    10 | D        | Noticed a meat berserker
    10 | D        | Noticed a bag of meat
    11 | D        | Killed a bag of meat
    11 | D        | Killed a meat berserker
    11 | D        | Reached * piety under Makhleb
    11 | D        | Noticed a meat berserker
    11 | D        | Noticed a bag of meat
    11 | D        | Noticed a bag of meat
    12 | D        | Reached skill level 10 in Stealth
    12 | D        | Reached skill level 22 in Fire Magic
    12 | D        | Reached XP level 2. HP: 20/20 MP: 3/16
    12 | D        | Reached XP level 3. HP: 26/26 MP: 3/18
    12 | D        | Reached XP level 4. HP: 33/33 MP: 3/19
    12 | D        | Reached XP level 5. HP: 38/38 MP: 3/21
    12 | D        | Reached XP level 6. HP: 45/45 MP: 3/22
    12 | D        | Your scales start taking on a rich purple colour.
    12 | D        | Reached skill level 15 in Spellcasting
    12 | D        | Reached XP level 7. HP: 50/50 MP: 3/26
    12 | D        | Reached XP level 8. HP: 57/57 MP: 3/27
    12 | D        | Reached XP level 9. HP: 62/62 MP: 3/28
    12 | D        | Reached XP level 10. HP: 69/69 MP: 3/29
    12 | D        | Reached XP level 11. HP: 74/74 MP: 3/30
    12 | D        | Reached XP level 12. HP: 81/81 MP: 3/31
    12 | D        | Killed a meat berserker
    12 | D        | Killed a bag of meat
    12 | D        | Noticed a bag of meat
    12 | D        | Mangled by a meat berserker

Illustrated notes

Levels and vault maps discovered:
D:        meatsprint

Skill      XL: |  1  2  3  4  5  6 |
---------------+-------------------+-----
Axes           | 8 |  8.2
Dodging        | 11 | 11.3
Stealth        | 10 | 10.3
Spellcasting   | 13 15 | 15.9
Conjurations   | 4 |  4.8
Fire Magic     | 22 | 22.9

Action                     |  1- 3 |  4- 6 |  7- 9 | 10-12 || total
---------------------------+-------+-------+-------+-------++-------
  Melee: Executioner's axe |     1 |       |       |     1 ||     2

Table legend: (Time is in decaauts)
 A = Elapsed time spent in this place.
 B = Non-inter-level travel time spent in this place.
 C = Inter-level travel time spent in this place.
 D = Time resting spent in this place.
 E = Time spent auto-exploring this place.
 F = Levels seen in this place.
 G = Mean time per level.
                   A        B        C        D        E       F      G
               +--------+--------+--------+--------+--------+-----+--------+
         Total |     12 |     10 |      2 |      0 |      0 |   1 |   12.0 |
       Dungeon |     12 |     10 |      2 |      0 |      0 |   1 |   12.0 |
               +--------+--------+--------+--------+--------+-----+--------+

Top non-repeatable levels by time:
       D: 12 daAuts
